Unix NetHack Version 5.0.0-0 post-release - last build May 23 2026 06:08:33 (1c0ff79ee797540d5714e4e18072db0edd9e58ae,branch:main).

Game began 2026-05-26 23:39:57, ended 2026-05-27 00:05:28.

CyberFan, neutral male human Tourist

        ---                                    ----                    ----
       --.--              ---                 --..--                   |..|
--------...---           --.--   ----        |.....|                -  |..|
|...(........--          |...|  --..|      ---.....--           ----.--|.--
|..------.--..--      ----..-|  |...-      |........|    ----  --.|....|.--
----   |....|....---.|.......-----@..|    --........|  ---..----.*)....|..|
      --.--.|............|.|..--.qe..---  |.........|--|....)...*......--.--
      |..||.. ....|......| --...(%.d.*.|  --....|...#-.|.|.------.*..*.%...--
---- --.-----  .--- -.......---........--  |..-----..^...|-- --....*........|
|..---....---       |........|    -.....----..|   |....#*|  |....0.--<.....--
--...........--.--  |.----...|    |.........------|-...|.|  |...)*--|*....--
--...............-- |.-- |..--    ---..----......||......|   -)...| |.-----
|(.............-..--|..| ----       |...| ------.--......|   |.---- |..|
--...........0......--.|           --...|     |..........|   ---    --.|  ----
 ....................|.|         ---....---   --..--.....|           |.| --..|
 -.........--........|.--    --- |........|    ----|..--.|           |.|--...--
 |......--   ---.....|..|-----.---........|      ---.--|.--          |.-|..)..|
 ---..---       -.......--.--...|.........|      |...| |..|          |..--*..-|
   ----         ---......................--      |...| |..|          --....)..|
                  --------.|.--.---.|.|.--       --.-- ----           -----..--
                         -------- -------         ---                     ----
CyberFan the Sightseer      St:14 Dx:11 Co:15 In:13 Wi:10 Ch:15  Neutral
Dlvl:6  $:0  HP:0(36) Pw:18(18) AC:-4 Xp:5/305 T:3429 

Latest messages:
 You hit the gray ooze.
 The large dog bites the gray ooze.
 The gray ooze misses the large dog.
 You hit the gray ooze.
 The large dog misses the gray ooze.
 You kill the gray ooze!
 Your large dog eats a jackal corpse.
 You miss the floating eye.
 You are frozen by the floating eye's gaze!
 The large dog misses the floating eye.
 The rothe hits!
 The rothe misses!
 The rothe just misses!
 The rothe misses!
 The rothe bites!
 The rothe misses!
 The rothe misses!
 The rothe bites!
 The rothe bites again!
 The rothe hits!
 The rothe bites!
 The rothe bites again!
 The rothe just misses!
 The rothe bites!
 The rothe misses!
 The rothe misses!
 The rothe bites!
 The rothe misses!
 The rothe hits!
 The rothe bites!
 The rothe misses!
 The rothe just misses!
 The rothe misses!
 The rothe misses!
 The rothe hits!
 The rothe misses!
 The rothe misses!
 The rothe hits!
 The rothe misses!
 The rothe bites!
 The rothe hits!
 The rothe misses!
 The rothe bites!
 The rothe misses!
 The rothe bites!
 The rothe bites again!
 The rothe misses!
 The rothe bites!
 The rothe bites again!
 You die...

Inventory:
 Amulets  ('"')
  A - an uncursed amulet of ESP (being worn)
 Weapons  (')')
  a - 4 uncursed +2 darts (at the ready)
 Armor    ('[')
  G - an uncursed +0 dwarvish iron helm (being worn)
  w - an uncursed +0 pair of iron shoes (being worn)
  F - an uncursed +0 dwarvish roundshield (being worn)
  x - a blessed +2 dwarvish cloak (being worn)
  i - an uncursed +0 Hawaiian shirt with a jellyfish motif (being worn)
  H - an uncursed +0 banded mail (being worn)
 Comestibles  ('%')
  e - an uncursed jackfruit
  l - an uncursed lembas wafer
  d - an uncursed tin of french fried newt meat
 Scrolls  ('?')
  p - an uncursed scroll of confuse monster
  n - an uncursed scroll of genocide
  q - 4 uncursed scrolls of identify
  m - an uncursed scroll of light
  g - 2 blessed scrolls of magic mapping
  h - an uncursed scroll of magic mapping
 Potions  ('!')
  r - an uncursed potion of levitation
 Tools    ('(')
  k - an uncursed credit card
  y - an uncursed +0 pick-axe (weapon in right hand)
 Gems/Stones  ('*')
  J - an uncursed worthless piece of blue glass

CyberFan the Tourist's attributes:

Background:
 You were a Sightseer, a level 5 male human Tourist.
 You were neutral, on a mission for The Lady
 who was opposed by Blind Io (lawful) and Offler (chaotic).
 You were right-handed.
 You were in the Gnomish Mines, on level 6.
 You entered the dungeon 3429 turns ago.
 It was the midnight hour.
 You had 305 experience points, 15 more were needed to attain level 6.

Basics:
 You had 0 out of 36 hit points.
 You had all 18 energy points (spell power).
 Your armor class was -4.
 Your wallet was empty.
 Autopickup was on for '$%?!"=/*', with exceptions.

Final Characteristics:
 Your strength was 14 (limit:18/100).
 Your dexterity was 11 (limit:18).
 Your constitution was 15 (limit:18).
 Your intelligence was 13 (limit:18).
 Your wisdom was 10 (limit:18).
 Your charisma was 15 (limit:18).

Final Status:
 You weren't hungry.
 You were unencumbered.
 You were wielding a pick-axe.
 You were unskilled in pick-axe and could have enhanced that.

Final Attributes:
 You were piously aligned.
 Your items were somewhat protected from fire.
 Your items were somewhat protected from cold.
 You were telepathic.
 You were warded.
 You are dead.

Miscellaneous:
 You disabled loading and storing of bones levels.
 Total elapsed playing time was 22 minutes and 53 seconds.

Major events:
 Turn
    1: CyberFan the neutral male human Tourist entered the dungeon
  644: attained the rank of Sightseer (level 3)
 1263: entered the Gnomish Mines
 3429: killed by a rothe, while frozen by a floating eye's gaze

You didn't know any spells.

Skills:
 Fighting Skills
   bare handed combat [Unskilled]
   two weapon combat  [Unskilled]
   riding             [Unskilled]
 Weapon Skills
   dagger             [Unskilled]
   knife              [Unskilled]
   axe                [Unskilled]
   pick-axe           [Unskilled]
   short sword        [Unskilled]
   broadsword         [Unskilled]
   long sword         [Unskilled]
   two-handed sword   [Unskilled]
   saber              [Unskilled]
   mace               [Unskilled]
   morning star       [Unskilled]
   flail              [Unskilled]
   hammer             [Unskilled]
   quarterstaff       [Unskilled]
   polearms           [Unskilled]
   spear              [Unskilled]
   trident            [Unskilled]
   lance              [Unskilled]
   bow                [Unskilled]
   sling              [Unskilled]
   crossbow           [Unskilled]
   dart               [Basic]
   shuriken           [Unskilled]
   boomerang          [Unskilled]
   whip               [Unskilled]
   unicorn horn       [Unskilled]
 Spellcasting Skills
   divination spells  [Unskilled]
   enchantment spells [Unskilled]
   escape spells      [Unskilled]

Voluntary challenges:
 Character rerolling was not enabled.
 You never genocided any monsters.
 You never polymorphed an object.
 You never changed form.
 You used no wishes.
Achievements:
 You entered a shop.
 You attained the rank of Sightseer.
 You entered the Gnomish Mines.

 The Dungeons of Doom: levels 1 to 6
    Level 1:
    Level 2:
       A scroll shop, a grave.
    Level 3:
    Level 4:
       Stairs down to The Gnomish Mines.
    Level 5:
       A potion shop.
    Level 6:
       A fountain.
 The Gnomish Mines: levels 5 to 6
    Level 5:
    Level 6: <- You were here.
       Final resting place for
          you, killed by a rothe, while frozen by a floating eye's gaze.


Vanquished creatures:
  a human zombie
  a rock piercer
  2 rock moles
  2 shriekers
  2 gnome leaders
  2 gray oozes
  a straw golem
  3 floating eyes
  4 dwarves
  a homunculus
  a rothe
  a rabid rat
  a giant bat
  2 orc zombies
  a werejackal
  2 iguanas
 an acid blob
  3 manes
  a large kobold
  2 giant rats
  2 cave spiders
  a red mold
 19 gnomes
  a gecko
  4 jackals
  3 kobolds
  2 goblins
  2 sewer rats
  3 lichens
  2 kobold zombies
  8 newts
81 creatures vanquished.

No species were genocided or became extinct.

Game over:
                       ----------
                      /          \
                     /    REST    \
                    /      IN      \
                   /     PEACE      \
                  /                  \
                  |     CyberFan     |
                  |       0 Au       |
                  |   killed by a    |
                  |      rothe       |
                  |                  |
                  |                  |
                  |       2026       |
                 *|     *  *  *      | *
        _________)/\\_//(\/(/\)/\//\/|_)_______

Aloha CyberFan the Tourist...

You died in The Gnomish Mines on dungeon level 6 with 1480 points,
and 0 pieces of gold, after 3429 moves.
You were level 5 with a maximum of 36 hit points when you died.

